cohdb
Replays
Latest Replays
All Replays
Popular Replays
Top Player Replays
Match Explorer
How It Works
Community
CoH3 Stats
Reddit
Sign in to upload your games and track your stats! →
Sign in with Steam
Match 47174923
Unlisted
Match 47174923
Overview
Messages
Build Orders
End
Pioneer Squad
Construct Infanterie Kompanie
MG 42 Machine Gun Team
Selects Mechanized Battlegroup
Grenadier Squad
Grenadier Squad
Construct Luftwaffe Kompanie
Medical Bunker
Selects Raid Package
221 Scout Car
Jäger Squad
Support Elements
Jäger Squad
Selects Spotting Scopes
Selects StuG Assault Group
StuG Assault Group
Marder III M Tank Destroyer
Selects Spotting Scopes
Selects Wespe Self-propelled Artillery
Pioneer Squad
Wespe Self-propelled Artillery
Luftwaffe Officer Quarters
Selects Zeroing Artillery Barrage
HORUS
pejgamber
vincent
n3
John.J.Rambo
Gabral124
Dog Water
KOR_NONMON
0
0
Comments
sign in to comment!
No comments posted yet!